AoeStats
← PetersCZ

Nomad

510172011Analyzed
2v2 RM · 3d ago on Sep 29, 2026· 41m 36s· 4 players
Game mode
Random Map
Map size
176×176
Population
200
Speed
Normal
Resources
Standard
Victory
Conquest
Starting age
Dark Age
Ending age
Imperial Age
RankedLock teamsTeams togetherTeam positionsShared explorationLock speedFull tech treeHidden civsTurbo modeCheats
Victory
Defeat
🇬🇧 Saxons · United Kingdom
1518
+19
🇨🇿 Bohemians · Czechia
1505
+20
🇹🇷 Varangians · Türkiye
1589
-20
🇹🇷 Persians · Türkiye
1585
-19
Urmel
4:08 Loom
13:38 Feudal Age
15:02 Double-Bit Axe
17:25 Castle Age
17:12 Fletching
18:38 Bow Saw
19:35 Bodkin Arrow
29:09 Scale Mail Armor
29:20 Forging
29:19 Arson
30:55 Horse Collar
31:37 Chain Mail Armor
31:58 Iron Casting
32:18 Squires
32:04 Gambesons
36:53 Town Watch
38:31 Heavy Plow
39:21 Stone Mining
39:22 Gold Mining
40:13 Wheelbarrow
42:28 Imperial Age
40:54 Padded Archer Armor
PetersCZ
5:04 Loom
12:25 Feudal Age
16:30 Castle Age
21:37 Fletching
28:21 Double-Bit Axe
30:40 Bodkin Arrow
35:51 Murder Holes
Smoke Monkey.Mua
4:48 Loom
11:59 Feudal Age
16:16 Castle Age
15:07 Town Watch
22:55 Scale Barding Armor
23:03 Forging
25:09 Double-Bit Axe
26:42 Stone Mining
27:11 Bow Saw
29:17 Fletching
33:08 Bloodlines
33:35 Scale Barding Armor
40:05 Wheelbarrow
41:20 Husbandry
ayz1912
5:12 Loom
12:23 Feudal Age
12:49 Double-Bit Axe
15:05 Wheelbarrow
15:08 Fishing Lines
16:12 Forging
18:55 Castle Age
17:14 Horse Collar
19:43 Medium Warships
22:13 Bow Saw
22:14 Scale Barding Armor
24:37 Bloodlines
25:04 Iron Casting
25:39 Chain Barding Armor
29:05 Stone Mining
29:11 Gold Mining
34:58 Imperial Age
34:55 Ballistics
36:28 Chemistry
Connection lost

Rejoining the realm…

Still unreachable

The connection could not be restored.

Session expired

The server has moved on; the page needs a fresh start.